 Dungeon Crawl Stone Soup version 0.20-a0-738-gb057e68 (webtiles) character file.

2425 Gorglomux the Conjurer (level 9, -2/55 HPs)
             Began as a Tengu Wizard on Feb 23, 2017.
             Was a Follower of Vehumet.
             Slain by an ice beast (12 damage)
             ... on level 6 of the Dungeon.
             The game lasted 00:33:27 (11705 turns).

Gorglomux the Conjurer (Tengu Wizard)              Turns: 11705, Time: 00:33:27

Health: -2/55      AC:  4    Str:  4    XL:     9   Next: 48%
Magic:  2/16       EV: 15    Int: 22    God:    Vehumet [*.....]
Gold:   277        SH:  0    Dex: 15    Spells: 5/16 levels left

rFire    . . .     SeeInvis .   W - +7 hand axe of Vengeance {freeze, +Fly rN+ Str-3}
rCold    . . .     Gourm    .   a - +0 robe
rNeg     + . .     Faith    .   (no shield)
rPois    .         Spirit   .   b - +1 hat
rElec    .         Reflect  .   (no cloak)
rCorr    .         Harm     .   K - +0 pair of gloves
MR       .....     Clarity  +   (boots unavailable)
Stlth    ++........             (no amulet)
Regen    0.2/turn               x - ring of stealth
MPRegen  0.2/turn               H - ring of loudness

@: very slightly contaminated
A: beak, talons 3, agile 1, clarity, able to fly 1
a: Fly, Renounce Religion, Evoke Flight


You were on level 6 of the Dungeon.
You worshipped Vehumet.
Vehumet was aware of your devotion.
You were very hungry.

You visited 2 branches of the dungeon, and saw 8 of its levels.
You also visited: Sewer.

You collected 277 gold pieces.

Inventory:

Hand Weapons
 m - a -1 dagger
 q - a +0 blowgun
 W - the +7 hand axe of Vengeance (weapon) {freeze, +Fly rN+ Str-3}
   (You found it on level 6 of the Dungeon)

   It has been specially enchanted to freeze those struck by it, causing extra
   injury to most foes and up to half again as much damage against particularly
   susceptible opponents.
   It can also slow down cold-blooded creatures.
   It affects your strength (-3).
   It protects you from negative energy.
   It lets you fly.
Missiles
 S - 13 poisoned needles
Armour
 a - a +0 robe (worn)
 b - a +1 hat (worn)
 K - a +0 pair of gloves (worn)
Jewellery
 x - a ring of stealth (right hand)
 H - a ring of loudness (left hand)
 Q - a +2 ring of dexterity
 V - a +4 ring of dexterity
Wands
 E - a wand of enslavement (4/24)
 I - a wand of iceblast (9/15)
 Y - a wand of flame (7/48)
Scrolls
 y - a scroll of amnesia {unknown}
 z - a scroll of acquirement {unknown}
 D - a scroll of blinking {unknown}
 G - a scroll of enchant armour
 J - a scroll of enchant weapon {unknown}
 M - 2 scrolls of magic mapping
 R - a scroll of identify
 T - 7 scrolls of teleportation
Potions
 i - 2 potions of might
 C - 2 potions of heal wounds
 F - a potion of mutation
 L - a potion of curing
 N - a potion of brilliance {unknown}
 P - a potion of degeneration
 U - 3 potions of flight
 X - 3 potions of agility
Books
 c - a book of Minor Magic

   Spells                             Type                      Level
   a - Magic Dart                     Conjuration                  1
   b - Blink                          Translocation                2
   c - Call Imp                       Summoning                    2
   d - Slow                           Hexes                        2
   e - Conjure Flame                  Conjuration/Fire             3
   f - Mephitic Cloud                 Conjuration/Poison/Air       3
Comestibles
 d - 4 bread rations
 O - 2 fruits
 Z - a meat ration


   Skills:
 + Level 6.1 Fighting
 - Level 5.0 Dodging
 - Level 2.0 Stealth
 - Level 4.1 Spellcasting
 + Level 7.3 Conjurations
 - Level 1.2 Summonings
 - Level 0.7 Translocations
 - Level 7.1 Air Magic
 - Level 5.0 Poison Magic


You had 5 spell levels left.
You knew the following spells:

 Your Spells              Type           Power        Failure   Level  Hunger
a - Magic Dart            Conj           ####         1%          1    None
b - Call Imp              Summ           #.......     12%         2    #......
d - Blink                 Tloc           N/A          14%         2    #......
j - Conjure Flame         Conj/Fire      ###.....     10%         3    ##.....
m - Mephitic Cloud        Conj/Pois/Air  ####....     1%          3    ##.....


Dungeon Overview and Level Annotations

Branches:
Dungeon (7/15)             Temple (1/1) D:5

Altars:
Cheibriados
Dithmenos
Elyvilon
Fedhas
Gozag
Hepliaklqana
Kikubaaqudgha
Makhleb
Nemelex Xobeh
Okawaru
Qazlal
Ru
Sif Muna
Trog
Uskayaw
Vehumet
Wu Jian
Xom
Zin
The Shining One

Annotations:
D:3 Blork the orc


Innate Abilities, Weirdness & Mutations

You have a beak for a mouth.
You have claws for feet.
You can fly.
You are agile. (Dex +2)
You possess an exceptional clarity of mind.


Message History

There is an open door here.
Casting: Blink
Confirm with . or Enter, or press ? or * to list all spells.
You blink.
You are starving!
You eat one of the 3 fruits.
You are feeling very hungry.
Mmmm...
Yummy mango.
The ice beast hits you.
* * * LOW HITPOINT WARNING * * *
The ice beast freezes you!
* * * LOW HITPOINT WARNING * * *
Casting: Blink
Confirm with . or Enter, or press ? or * to list all spells.
You miscast Blink.
You are very lightly contaminated with residual magic.
You catch a glimpse of the back of your own head.
The ice beast hits you.
* * * LOW HITPOINT WARNING * * *
The ice beast freezes you!
You die...

#...##...#######..#..........####
.....'...........>##########.#
######...###########.......#.#
########## #.#####.#)#### ....#
############.#..<.......# ....#
#..........#.#.#........#
....#####..........#.#.'........#
....#..............#.###........#
....#.##'##.....@..#...'........#
....#.#≈≈≈#.....Y..#####........#
....'.#≈≈≈#............'.....)...
(...#.#≈.≈#........#####........#
....#.#≈≈≈#........# #........#
......#≈≈≈#........# ##########
####..#####....(.).#
#........######## #..#######


You could see an ice beast.

Vanquished Creatures
  Grinder (D:3)
  Sigmund (D:2)
  Eustachio (D:4)
  A sky beast (D:5)
  An ice beast (D:5)
  3 ogres
  A phantom (D:5)
  2 centaurs (D:7)
  2 howler monkeys
  A centaur zombie (D:7)
  4 hounds
  A bullfrog zombie (D:6)
  3 jellies
  An orc priest (D:3)
  A centaur skeleton (D:5)
  2 bullfrog skeletons (D:5)
  4 orc wizards
  2 iguanas (D:6)
  3 worker ants
  A hound skeleton (D:5)
  Robin (D:2)
  A howler monkey skeleton (D:4)
  10 gnolls
  5 river rats (Sewer)
  16 adders
  A shadow imp (D:6)
  2 oozes
  3 dart slugs
  4 leopard geckos
  16 orcs
  6 ball pythons
  8 giant cockroaches
  23 goblins
  13 hobgoblins
  14 jackals
  25 kobolds
  4 quokkas
  8 bats
  9 frilled lizards
  24 rats
229 creatures vanquished.

Vanquished Creatures (collateral kills)
  A centaur (D:3)
  2 adders
  A worm (D:4)
  An orc (D:3)
  A bat (D:3)
6 creatures vanquished.

Vanquished Creatures (others)
  A quokka (D:6)
1 creature vanquished.

Grand Total: 236 creatures vanquished

Notes
Turn   | Place    | Note
-------+----------+-------------------------------------------
     0 | D:1      | Gorglomux the Tengu Wizard began the quest for the Orb.
     0 | D:1      | Reached XP level 1. HP: 10/10 MP: 5/5
   188 | D:1      | Reached XP level 2. HP: 9/15 MP: 1/7
   293 | D:1      | Learned a level 2 spell: Blink
   347 | D:1      | Reached skill level 3 in Conjurations
   867 | D:1      | Reached XP level 3. HP: 19/19 MP: 4/8
   872 | D:1      | Learned a level 3 spell: Mephitic Cloud
  1314 | D:2      | Noticed Sigmund
  1526 | D:2      | Reached XP level 4. HP: 19/24 MP: 4/11
  1671 | D:2      | Reached skill level 1 in Air Magic
  1873 | D:2      | Noticed Robin
  1888 | D:2      | Killed Robin
  1888 | D:2      | Reached skill level 1 in Poison Magic
  2127 | D:2      | Gained mutation: You can fly. [Tengu growth]
  2127 | D:2      | Reached XP level 5. HP: 5/28 MP: 0/12
  2312 | D:2      | Learned a level 3 spell: Conjure Flame
  2362 | D:2      | Found a shimmering altar of Xom.
  2747 | D:2      | Killed Sigmund
  2747 | D:2      | Reached skill level 3 in Poison Magic
  2747 | D:2      | Reached XP level 6. HP: 32/32 MP: 0/13
  3392 | D:3      | Noticed Grinder
  3400 | D:3      | Paralysed by Grinder for 2 turns
  3413 | D:3      | Paralysed by Grinder for 7 turns
  3426 | D:3      | Killed Grinder
  3426 | D:3      | Reached XP level 7. HP: 30/36 MP: 0/14
  3965 | D:3      | Reached skill level 6 in Air Magic
  3979 | D:3      | You fall through a shaft for 3 floors!
  3984 | D:6      | Got a scorched hand axe
  4353 | D:5      | Entered Level 5 of the Dungeon
  4463 | D:6      | Found a glowing drain.
  4478 | D:6      | Learned a level 2 spell: Call Imp
  4699 | Sewer    | Entered a sewer
  5682 | Sewer    | Reached skill level 1 in Fighting
  6317 | D:6      | Found a white marble altar of Elyvilon.
  6346 | D:6      | Became a worshipper of Elyvilon the Healer
  6988 | D:6      | Reached XP level 8. HP: 26/43 MP: 1/15
  7699 | D:5      | Reached skill level 3 in Fighting
  7761 | D:5      | Reached * piety under Elyvilon
  7878 | D:5      | Reached skill level 3 in Dodging
  8442 | D:5      | Found a staircase to the Ecumenical Temple.
  8450 | Temple   | Entered the Ecumenical Temple
  8552 | Temple   | Fell from the grace of Elyvilon
  8552 | Temple   | Became a worshipper of Vehumet
  8844 | D:3      | HP: 2/46 [centaur/arrow (8)]
  9583 | D:4      | Noticed Eustachio
  9754 | D:4      | Noticed Blork the orc
  9971 | D:3      | Identified the +7 hand axe of Vengeance {freeze, +Fly rN+ Str-3} (You found it on level 6 of the Dungeon)
 10100 | D:4      | Killed Eustachio
 10108 | D:4      | Reached XP level 9. HP: 39/52 MP: 2/16
 10292 | D:4      | Found a deep blue altar of Sif Muna.
 10395 | D:4      | Found a glowing golden altar of the Shining One.
 10495 | D:4      | Gained mutation: You possess an exceptional clarity of mind. [potion of mutation]
 10495 | D:4      | Gained mutation: You are agile. (Dex +2) [potion of mutation]
 10852 | D:5      | Found a glowing silver altar of Zin.
 10963 | D:5      | Reached skill level 6 in Conjurations
 11135 | D:5      | Found a snail-covered altar of Cheibriados.
 11135 | D:5      | Found a stormy altar of Qazlal.
 11138 | D:5      | Found a sacrificial altar of Ru.
 11597 | D:7      | Reached * piety under Vehumet
 11597 | D:7      | Offered knowledge of Freeze by Vehumet.
 11597 | D:7      | Reached skill level 6 in Fighting
 11705 | D:6      | Slain by an ice beast

Vault maps used:
D:1:      lemuel_arrival_rhombus
D:2:      lemuel_round_altar, uniq_robin, uniq_sigmund
D:3:      kennysheep_big_flooded_room, first_bread, uniq_grinder
D:4:      led_sif_pool, nicolae_tso_swordbearing_angel, uniq_eustachio,
          uniq_blork_the_orc
D:5:      zin_scriptorium, gammafunk_temple_overflow_claw,
          minmay_temple_entry_large_hall
D:6:      elyvilon_altar_4, gup_sewer_entry_glass, minmay_misc_feat_encased
D:7:      wad_woods_pond
Temple:   dshaligram_water_room_temple
Sewer:    sewer_minmay_treatment

Skill      XL: |  1  2  3  4  5  6  7  8  9 |
---------------+----------------------------+-----
Conjurations   | 2 3 5 7 |  7.3
Spellcasting   | 4 |  4.1
Air Magic      | 2 4 5 7 |  7.1
Poison Magic   | 1 3 4 5 |  5.0
Fighting       | 1 4 6 |  6.1
Dodging        | 5 |  5.0
Stealth        | |  2.0
Summonings     | |  1.2
Translocations | |  0.7

Action                   |  1- 3 |  4- 6 |  7- 9 || total
-------------------------+-------+-------+-------++-------
Melee: Whip              |    15 |    37 |    74 ||   126
       Unarmed           |     2 |       |       ||     2
       Peck              |     1 |    13 |    13 ||    27
       Kick              |       |     8 |    22 ||    30
       Hand axe          |       |       |    23 ||    23
 Cast: Magic Dart        |    85 |   129 |   590 ||   804
       Mephitic Cloud    |     1 |     5 |    14 ||    20
       Blink             |       |     1 |    17 ||    18
       Conjure Flame     |       |     2 |     2 ||     4
       Call Imp          |       |       |    15 ||    15
  Use: Scroll            |       |     1 |    12 ||    13
       Potion            |       |     1 |     4 ||     5
 Stab: Confused          |       |     1 |     4 ||     5
  Eat: Chunk             |     2 |     6 |    23 ||    31
       Royal jelly       |       |       |     1 ||     1
       Fruit             |       |       |     1 ||     1
Armor: Robe              |     3 |    11 |    40 ||    54
Dodge: Dodged            |    26 |    60 |   214 ||   300
